 Dungeon Crawl Stone Soup version 0.27.1-3-gb3d3a73c9e (webtiles) character file.

Game seed: 11559650504738867932

440 Urokeeper the Covert (level 7, -2/40 HPs)
             Began as a Kobold Brigand on Oct 27, 2021.
             Slain by an orc (5 damage)
             ... on level 5 of the Dungeon.
             The game lasted 00:07:22 (3214 turns).

Urokeeper the Covert (Kobold Brigand)               Turns: 3214, Time: 00:07:22

Health: -2/40      AC:  3    Str:  8    XL:     7   Next: 22%
Magic:  7/7        EV: 14    Int: 12    God:
Gold:   116        SH:  0    Dex: 19    Spells: 6/6 levels left

rFire    . . .     SeeInvis .   v - +1 dagger (vamp)
rCold    . . .     Faith    .   (shield restricted)
rNeg     . . .     Spirit   .   b - +0 robe
rPois    .         Reflect  .   (no helmet)
rElec    .         Harm     .   c - +0 cloak
rCorr    +         Rampage  .   (no gloves)
Will     +....                  (no boots)
Stlth    +++++.....             (no amulet)
HPRegen  0.13/turn              g - ring of willpower
MPRegen  0.10/turn              q - ring of resist corrosion

@: no status effects
A: small, no large weapons, nightstalker 3
a: no special abilities


You were on level 5 of the Dungeon.
You visited 1 branch of the dungeon, and saw 5 of its levels.

You collected 116 gold pieces.

Inventory:

Hand Weapons
 a - a +2 dagger
 i - a +3 dagger
 v - a +1 vampiric dagger (weapon)
 x - a +0 long sword
Missiles
 d - 16 poisoned darts
 e - 2 curare-tipped darts (quivered)
Armour
 b - a +0 robe (worn)
 c - a +0 cloak (worn)
Jewellery
 g - a ring of willpower (left hand)
 q - a ring of resist corrosion (right hand)
Scrolls
 o - 2 scrolls of amnesia {unknown}
 p - a scroll of enchant armour {unknown}
 r - a scroll of acquirement {unknown}
Potions
 f - 3 potions of heal wounds
 h - a potion of degeneration {unknown}
 j - a potion of curing {unknown}
 k - a potion of haste {unknown}
 l - a potion of experience {unknown}
 m - a potion of lignification {unknown}
 n - a potion of attraction {unknown}
 s - 2 potions of mutation {unknown}
 t - a potion of ambrosia {unknown}
 u - a potion of cancellation {unknown}
 w - a potion of magic {unknown}


   Skills:
 - Level 2.1 Fighting
 + Level 7.0 Short Blades
 - Level 2.1 Throwing
 - Level 1.2 Dodging
 + Level 8.9 Stealth


You had 6 spell levels left.
You didn't know any spells.
Your spell library was empty.

Dungeon Overview and Level Annotations

Branches:
Dungeon (5/15)
 Temple: D:4-7

Altars:
Ashenzari
Nemelex Xobeh

Shops:
D:4 *(


Innate Abilities, Weirdness & Mutations

You are small and have problems with some larger weapons.
You are completely attuned to the shadows.


Message History

Beogh smites you!
* * * LOW HITPOINT WARNING * * *
The orc barely misses you.
There is an open door here.
Things that are here:
a +0 whip; a gnoll corpse
Things that are here:
a +0 club; a gnoll corpse
There is a stone staircase leading down, spattered with blood here.
You climb downwards.
You hear the sound of rushing water.
There is an entrance to a sewer on this level.
Hurry and find it before the portal rusts away!
There is a stone staircase leading up here.
You are too injured to fight recklessly!
You are too injured to fight recklessly!
You are too injured to fight recklessly!
You hit the orc.
The orc is lightly wounded.
The orc misses you.
You hit the orc but do no damage.
The orc is lightly wounded.
The orc misses you.
You hit the orc but do no damage.
The orc is lightly wounded.
You hit the orc.
The orc is heavily wounded.
The orc barely misses you.
You barely miss the orc.
The orc is heavily wounded.
The orc closely misses you.
You hit the orc but do no damage.
The orc is heavily wounded.
You hit the orc but do no damage.
The orc is heavily wounded.
The orc hits you with a +0 club.
* * * LOW HITPOINT WARNING * * *
You hit the orc but do no damage.
The orc is heavily wounded.
The orc hits you with a +0 club.
You die...

###
..#
#.#
#o#
#@#
###


You could see an orc.

Vanquished Creatures
  An ogre (D:3)
  A phantom (D:3)
  A scorpion (D:4)
  A wyvern skeleton (D:3)
  A hound (D:3)
  Jessica (D:3)
  A hound skeleton (D:4)
  2 gnolls (D:4)
  3 adders
  An adder zombie (D:3)
  A worm (D:2)
  2 dart slugs
  3 bats
  6 endoplasms
  3 giant cockroaches (D:2)
  5 goblins
  4 hobgoblins
  2 jackals (D:1)
  A quokka (D:1)
  4 ball pythons
  A frilled lizard (D:2)
  3 kobolds
  4 rats
52 creatures vanquished.

Notes
Turn   | Place    | Note
-------+----------+-------------------------------------------
     0 | D:1      | Urokeeper the Kobold Brigand began the quest for the Orb.
     0 | D:1      | Reached XP level 1. HP: 12/12 MP: 1/1
   348 | D:1      | Reached XP level 2. HP: 17/17 MP: 2/2
  1064 | D:2      | You fall into a shaft and drop 2 floors!
  1064 | D:4      | Noticed a scorpion
  1067 | D:4      | Reached XP level 3. HP: 21/21 MP: 3/3
  1068 | D:4      | Killed a scorpion
  1069 | D:4      | Reached skill level 6 in Stealth
  1069 | D:4      | Reached XP level 4. HP: 26/26 MP: 4/4
  1081 | D:4      | Noticed an ogre
  1093 | D:3      | Killed an ogre
  1094 | D:3      | Reached skill level 5 in Short Blades
  1094 | D:3      | Reached skill level 7 in Stealth
  1094 | D:3      | Reached XP level 5. HP: 8/30 MP: 5/5
  1326 | D:3      | Found a broken altar of Ashenzari.
  1357 | D:3      | Found a faded altar of an unknown god.
  1499 | D:3      | Noticed a phantom
  1503 | D:3      | Killed a phantom
  1504 | D:3      | Reached skill level 8 in Stealth
  1504 | D:3      | Reached XP level 6. HP: 35/35 MP: 6/6
  1795 | D:3      | Found a sparkling altar of Nemelex Xobeh.
  1890 | D:3      | HP: 1/35 [wyvern skeleton (6)]
  2094 | D:3      | Noticed Jessica
  2097 | D:3      | Killed Jessica
  2098 | D:3      | Reached XP level 7. HP: 40/40 MP: 7/7
  3003 | D:4      | Found Xafujul's General Store.
  3034 | D:4      | Found Polan's Weapon Emporium.
  3206 | D:5      | Entered Level 5 of the Dungeon
  3214 | D:5      | Slain by an orc

Illustrated notes

Levels and vault maps discovered:
D:1:      lemuel_arrival_funnel, layout_loops_cross, st_stairs_4,
          minmay_misc_feat_x, minivault_23, glass_columns_b
D:2:      layout_rooms, minmay_domino_2
D:3:      layout_loops_cross, evilmike_ruin_ashenzari,
          nemelex_spade_bored_becter, hellmonk_ecumenical_altar_heavens_door,
          uniq_jessica
D:4:      layout_basic, serial_shops, shop_coins, shop, shop, shop
D:5:      wad_crossroads, layout_basic, mainiacjoe_overflow_catwalk,
          gup_sewer_entry_glass

Skill      XL: |  1  2  3  4  5  6  7 |
---------------+----------------------+-----
Short Blades   | 3 4 5 6 7 |  7.0
Stealth        | 6 7 8 |  8.9
Fighting       | |  2.1
Throwing       | |  2.1
Dodging        | |  1.2

Action                   |  1- 3 |  4- 6 |  7- 9 || total
-------------------------+-------+-------+-------++-------
Melee: Dagger            |    35 |    60 |    48 ||   143
       Long sword        |       |       |    16 ||    16
Throw: Dart              |     1 |     4 |       ||     5
  Use: Potion            |       |     1 |       ||     1
 Stab: Sleeping          |     9 |     9 |     7 ||    25
       Distracted        |       |       |     1 ||     1
Armor: Robe              |     8 |     5 |     4 ||    17
Dodge: Dodged            |    13 |    32 |    39 ||    84
       Rpst.: Long sword |       |       |     7 ||     7
